 Dungeon Crawl Stone Soup version 0.28-a0-477-g0b43c73ce0 (webtiles) character file.

Game seed: 7903786274199640521

45 Gaball the Cudgeller (level 3, 0/28 HPs)
             Began as a Demonspawn Gladiator on Sept 17, 2021.
             Was a Follower of Makhleb.
             Succumbed to an adder's poison
             ... on level 1 of the Dungeon.
             The game lasted 00:02:48 (1351 turns).

Gaball the Cudgeller (Demonspawn Gladiator)         Turns: 1351, Time: 00:02:49

Health: 0/28       AC:  7    Str: 14    XL:     3   Next: 42%
Magic:  3/3        EV: 12    Int: 10    God:    Makhleb [*.....]
Gold:   44         SH:  0    Dex: 14    Spells: 2/2 levels left

rFire   . . .      SeeInvis +   a - +0 flail
rCold   . . .      Faith    .   (no shield)
rNeg    . . .      Spirit   .   b - +0 leather armour
rPois   .          Reflect  .   c - +0 helmet
rElec   .          Harm     .   (no cloak)
rCorr   .          Rampage  .   (no gloves)
Will    .....                   (no boots)
Stlth   +.........              (no amulet)
HPRegen 0.09/turn               g - ring of see invisible
MPRegen 0.08/turn               (no ring)

@: lethally poisoned (0 -> -1), attractive, hasted, very quick
A: slimy green scales 2
a: Renounce Religion


You were on level 1 of the Dungeon.
You worshipped Makhleb.
Makhleb was aware of your devotion.
You visited 1 branch of the dungeon, and saw 2 of its levels.

You collected 44 gold pieces.

Inventory:

Hand Weapons
 a - a +0 flail (weapon)
Missiles
 d - 3 throwing nets (quivered)
Armour
 b - a +0 leather armour (worn)
 c - a +0 helmet (worn)
Jewellery
 g - a ring of see invisible (left hand)
Scrolls
 e - a scroll of identify {unknown}
 i - a scroll of teleportation {unknown}


   Skills:
 + Level 2.7 Fighting
 * Level 3.7 Maces & Flails
 - Level 1.7 Throwing
 - Level 2.6 Dodging


You had 2 spell levels left.
You didn't know any spells.
Your spell library contained the following spells:

 Spells                   Type           Power      Damage    Failure   Level
 Slow                     Hex            0%         N/A       58%         2
 Confusing Touch          Hex            0%         N/A       82%         3
 Yara's Violent Unravell  Hex/Tmut       0%         3d3       100%        5


Dungeon Overview and Level Annotations

Branches:
Dungeon (2/15)

Altars:
Makhleb


Innate Abilities, Weirdness & Mutations

You are mostly covered in slimy green scales. (AC +3)


Message History

You feel sick. The worm is attracted toward you.
You feel sick.
You feel sick.
You are no longer poisoned.
The adder is attracted toward you. The worm is attracted toward you.
The worm is attracted toward you. The worm is attracted toward you.
There is a burning altar of Makhleb here.
The worm is attracted toward you. The worm is attracted toward you.
The worm is attracted toward you. The adder is attracted toward you.
The worm is attracted toward you. The worm is attracted toward you.
The adder bites you but does no damage. The worm is attracted toward you.
The worm is attracted toward you. The worm closely misses you.
The adder is attracted toward you. The worm is attracted toward you.
The worm is attracted toward you. The worm is attracted toward you.
There is a stone staircase leading up, spattered with blood here.
The adder bites you.
* * * LOW HITPOINT WARNING * * *
You are lethally poisoned!
The adder poisons you!
You climb upwards.
* * * LOW HITPOINT WARNING * * *
You feel sick.
There is a stone staircase leading down here.
You barely miss the adder.
* * * LOW HITPOINT WARNING * * *
You feel sick. The adder completely misses you.
You miss the adder.
* * * LOW HITPOINT WARNING * * *
You feel sick. The adder bites you but does no damage.
You closely miss the adder.
You die...

##.########.#
##.....##.
#.##......)###.......#.
#.##.#####.##..........
#.##.# ##...#........[.
#.##.###..............#
#.##.#...............##
#.##.#.###.####.....##
#......###.# ##...##
####..@S...# #####
#########


You could see an adder.

Vanquished Creatures
  An adder (D:1)
  3 dart slugs
  3 endoplasms (D:1)
  4 goblins
  A hobgoblin (D:1)
  2 kobolds
  A quokka (D:1)
  4 ball pythons
  6 bats
  A frilled lizard (D:1)
  2 rats
28 creatures vanquished.

Notes
Turn   | Place    | Note
-------+----------+-------------------------------------------
     0 | D:1      | Gaball the Demonspawn Gladiator began the quest for the
                  | Orb.
     0 | D:1      | Reached XP level 1. HP: 16/16 MP: 1/1
     2 | D:1      | Noticed a vampire
     4 | D:1      | Noticed a human
     4 | D:1      | Noticed a naga
     6 | D:1      | Noticed a demigod
     8 | D:1      | Noticed a spriggan
     8 | D:1      | Noticed an octopode
    10 | D:1      | Noticed a minotaur
    12 | D:1      | Noticed a merfolk
    12 | D:1      | Noticed an elf
    14 | D:1      | Noticed a demonspawn
    16 | D:1      | Noticed a gargoyle
    16 | D:1      | Noticed a draconian
    18 | D:1      | Noticed an ogre
    18 | D:1      | Noticed a dwarf
    20 | D:1      | Noticed a tengu
    20 | D:1      | Noticed a ghoul
    22 | D:1      | Noticed a formicid
    22 | D:1      | Noticed a felid
    24 | D:1      | Noticed a vine stalker
    26 | D:1      | Noticed a troll
   290 | D:1      | Reached skill level 3 in Maces & Flails
   580 | D:1      | Gained mutation: You are partially covered in slimy green
                  | scales. (AC +2) [demonic ancestry]
   580 | D:1      | Reached XP level 2. HP: 22/22 MP: 2/2
  1185 | D:2      | Gained mutation: You are mostly covered in slimy green
                  | scales. (AC +3) [demonic ancestry]
  1185 | D:2      | Reached XP level 3. HP: 28/28 MP: 3/3
  1285 | D:2      | Found a faded altar of an unknown god.
  1303 | D:2      | Became a worshipper of Makhleb the Destroyer
  1303 | D:2      | Reached * piety under Makhleb
  1350 | D:1      | HP: 1/28 [poisoned by an adder]
  1351 | D:1      | Succumbed to an adder's poison

Illustrated notes

Levels and vault maps discovered:
D:1:      kb_arrival_jail, layout_loops_corners, minmay_strange_pillars,
          hangedman_decor_push
D:2:      minmay_door_path, layout_rooms, hellmonk_ecumenical_altar_crossroads,
          minmay_misc_feat_doors, ebering_dispersal_statue_hall

Skill      XL: |  1 |
---------------+----+-----
Maces & Flails | 3 |  3.7
Fighting       | |  2.7
Throwing       | |  1.7
Dodging        | |  2.6

Action                   || total
-------------------------++-------
Melee: Flail             ||    77
  Use: Potion            ||     2
 Stab: Sleeping          ||     4
Armor: Leather armour    ||    30
Dodge: Dodged            ||    52

Table legend: (Time is in decaauts)
 A = Elapsed time spent in this place.
 B = Non-inter-level travel time spent in this place.
 C = Inter-level travel time spent in this place.
 D = Time resting spent in this place.
 E = Time spent auto-exploring this place.
 F = Levels seen in this place.
 G = Mean time per level.
                   A        B        C        D        E       F      G
               +--------+--------+--------+--------+--------+-----+--------+
         Total |   1358 |   1344 |     14 |      0 |   1110 |   2 |  679.0 |
       Dungeon |   1358 |   1344 |     14 |      0 |   1110 |   2 |  679.0 |
               +--------+--------+--------+--------+--------+-----+--------+

Top non-repeatable levels by time:
     D:1: 1163 daAuts
     D:2: 195 daAuts
